 Dungeon Crawl Stone Soup version 0.26-a0-54-g15ccc7ae60 (webtiles) character file.

Game seed: 83658462150014605

1661584 bmfx the Merry Ant (level 27, 229/229 HPs)
             Began as a Formicid Venom Mage on June 7, 2020.
             Was the Champion of Okawaru.
             Escaped with the Orb
             ... and 3 runes on June 8, 2020!
             The game lasted 03:35:39 (84777 turns).

bmfx the Merry Ant (Formicid Venom Mage)           Turns: 84777, Time: 03:35:39

Health: 229/229    AC: 39    Str: 31    XL:     27
Magic:  35/35      EV: 19    Int: 18    God:    Okawaru [******]
Gold:   5958       SH: 33    Dex: 18    Spells: 25/42 levels left

rFire    + + .     SeeInvis +   w - +8 longbow of the Final Shrikes {god gift, speed, Str-2 Int-5 Dex+9 SInv}
rCold    . . .     Gourm    .   A - +2 tower shield {AC+3}
rNeg     + + +     Faith    .   v - +8 scale mail of Dithmenos's Approval {*Slow rElec rF+}
rPois    +         Spirit   .   (helmet unavailable)
rElec    +         Reflect  +   L - +4 dragonskin cloak
rCorr    +         Harm     .   r - +3 pair of gauntlets of War {Slay+5}
MR       ++...                  Z - +2 pair of boots {Fly}
Stlth    +.........             M - amulet of reflection
HPRegen  0.48/turn              X - ring "Emeisynilay" {rPois rN++ Str+9 Int+6 Dex-2}
MPRegen  0.24/turn              G - ring "Ydy Per" {rF+ Slay+4}

@: no status effects
A: permanent stasis, dig shafts and tunnels, four strong arms, antennae 3, thin
metallic scales 1, camouflage 1
0: Orb of Zot
}: 3/15 runes: decaying, slimy, gossamer
a: Dig, Shaft Self, Heroism, Finesse, Renounce Religion, Evoke Flight


You escaped.
You worshipped Okawaru.
Okawaru was exalted by your worship.
You were very full.

You visited 12 branches of the dungeon, and saw 57 of its levels.
You also visited: Trove, Gauntlet and Ice Cave.

You collected 9387 gold pieces.
You spent 3429 gold pieces at shops.


Innate Abilities, Weirdness & Mutations

You cannot be hasted, slowed, berserked, paralysed or teleported.
You can dig through walls and to a lower floor.
Your four strong arms can wield two-handed weapons with a shield.
You have a pair of large antennae on your head. (SInv)
You are partially covered in thin metallic scales. (AC +2)
Your skin changes colour to match your surroundings (Stealth+).

Dungeon Overview and Level Annotations

Branches:
Dungeon (15/15)            Temple (1/1) D:5            Lair (6/6) D:11
  Swamp (4/4) Lair:3       Spider (4/4) Lair:2        Slime (5/5) Lair:5
    Orc (2/2) D:11            Elf (3/3) Orc:2        Vaults (4/5) D:14
  Crypt (3/3) Vaults:2       Tomb (0/3) Crypt:3      Depths (5/5) D:15
    Zot (5/5) Depths:5      IceCv (visited)         Gauntlet (visited)

Altars:
Ashenzari
Cheibriados
Dithmenos
Elyvilon
Fedhas
Gozag
Hepliaklqana
Kikubaaqudgha
Makhleb
Nemelex Xobeh
Okawaru
Qazlal
Ru
Sif Muna
Trog
Uskayaw
Vehumet
Wu Jian
Xom
Yredelemnul
Zin
The Shining One
Jiyva
Lugonu

Shops:
D:5 ?   D:11 [!(   D:13 =   D:14 *   Orc:2 ?:?:   Elf:1 :?:((   Elf:3 [
Vaults:1 !   Vaults:2 *   Vaults:3 (   Depths:2 !   Depths:5 ==

Portals:
Hell: Depths:1 Depths:2 Depths:3 Depths:4 Depths:5
Abyss: Depths:1 Depths:2 Depths:4
Pandemonium: Depths:2 Depths:3
Ziggurat: Depths:4

Annotations:
Elf:2 1 runed translucent door


   Skills:
 + Level 21.5 Fighting
 - Level 12.0 Staves
 O Level 27 Bows
 + Level 21.5 Armour
 - Level 11.5 Dodging
 - Level 2.4 Stealth
 - Level 23.0 Shields
 - Level 8.0 Spellcasting
 - Level 2.0 Conjurations
 - Level 8.0 Hexes
 - Level 8.0 Translocations
 - Level 2.0 Transmutations
 - Level 2.0 Fire Magic
 - Level 2.0 Air Magic
 - Level 8.0 Poison Magic
 - Level 10.0 Invocations
 - Level 8.0 Evocations


You had 25 spell levels left.
You knew the following spells:

 Your Spells              Type           Power        Failure   Level  Hunger
a - Apportation           Tloc           #####.       1%          1    None
A - Portal Projectile     Hex/Tloc       #####.       1%          3    #......
B - Poisonous Vapours     Pois/Air       ####..       2%          2    None
C - Mephitic Cloud        Conj/Pois/Air  ###.....     9%          3    #......
D - Ignite Poison         Fire/Tmut/Pois ###.....     9%          3    #......
E - Olgreb's Toxic Radia  Pois           #####...     5%          4    ###....
F - Sting                 Tmut/Pois      ####         1%          1    None

Your spell library contained the following spells:

 Spells                   Type           Power        Failure   Level  Hunger
 Corona                   Hex            #####..      1%          1    None
 Slow                     Hex            #####...     1%          2    None
 Confusing Touch          Hex            #####...     1%          3    #......
 Gell's Gravitas          Tloc           #####.....   1%          3    #......
 Lesser Beckoning         Tloc           #####.....   1%          3    #......
 Tukima's Dance           Hex            #####...     1%          3    #......
 Ensorcelled Hibernation  Hex/Ice        ###...       4%          2    None
 Shroud of Golubria       Chrm/Tloc      ###...       4%          2    None
 Dazzling Flash           Conj/Hex       ####..       5%          3    #......
 Inner Flame              Hex/Fire       ####....     5%          3    #......
 Cause Fear               Hex            #####.....   5%          4    ###....
 Foxfire                  Conj/Fire      ##..         6%          1    None
 Magic Dart               Conj           ##..         6%          1    None
 Shock                    Conj/Air       ##..         6%          1    None
 Recall                   Summ/Tloc      N/A          9%          3    #......
 Spectral Weapon          Hex/Chrm       ###.....     9%          3    #......
 Summon Guardian Golem    Hex/Summ       ###.....     9%          3    #......
 Searing Ray              Conj           ##....       10%         2    None
 Sticks to Snakes         Tmut           ##......     10%         2    None
 Animate Skeleton         Necr           N/A          14%         1    None
 Freeze                   Ice            #...         14%         1    None
 Infusion                 Chrm           #...         14%         1    None
 Sandblast                Erth           #.....       14%         1    None
 Summon Butterflies       Summ           #.......     14%         1    None
 Summon Small Mammal      Summ           #...         14%         1    None
 Corpse Rot               Necr/Air       N/A          14%         2    None
 Conjure Flame            Conj/Fire      ##......     19%         3    #......
 Static Discharge         Conj/Air       ##......     19%         3    #......
 Fulminant Prism          Conj/Hex       ####......   19%         4    ###....
 Iskenderun's Mystic Bla  Conj/Tloc      ####....     19%         4    ###....
 Call Imp                 Summ           #.......     22%         2    None
 Song of Slaying          Chrm           #.......     22%         2    None
 Sublimation of Blood     Necr           #.........   22%         2    None
 Leda's Liquefaction      Hex/Erth       ###.......   26%         4    ###....
 Call Canine Familiar     Summ           #.......     38%         3    #......
 Frozen Ramparts          Ice            #.....       38%         3    #......
 Ozocubu's Armour         Chrm/Ice       #.......     38%         3    #......
 Alistair's Intoxication  Tmut/Pois      ####....     45%         5    #####..
 Silence                  Hex/Air        ####......   45%         5    #####..
 Yara's Violent Unravell  Hex/Tmut       ####......   45%         5    #####..
 Metabolic Englaciation   Hex/Ice        ###.......   58%         5    #####..
 Summon Mana Viper        Hex/Summ       ###.....     58%         5    #####..
 Darkness                 Hex            #####.....   63%         6    ######.
 Dispersal                Tloc           #####.....   63%         6    ######.
 Hailstorm                Conj/Ice       ##......     67%         4    ###....
 Petrify                  Tmut/Erth      ##......     67%         4    ###....
 Summon Lightning Spire   Summ/Air       ##......     67%         4    ###....
 Animate Dead             Necr           N/A          80%         4    ###....
 Summon Ice Beast         Ice/Summ       #.......     80%         4    ###....
 Fireball                 Conj/Fire      ##........   86%         5    #####..
 Irradiate                Conj/Tmut      ##........   86%         5    #####..
 Eringya's Noxious Bog    Tmut/Pois      ####......   95%         6    ######.
 Borgnjor's Vile Clutch   Necr/Erth      #.........   98%         5    #####..
 Conjure Ball Lightning   Conj/Air       ##........   100%        6    ######.
 Death Channel            Necr           #.........   100%        6    ######.
 Hydra Form               Tmut           ##........   100%        6    ######.
 Ozocubu's Refrigeration  Ice            #.........   100%        6    ######.
 Shadow Creatures         Summ           N/A          100%        6    ######.
 Simulacrum               Ice/Necr       #.........   100%        6    ######.
 Statue Form              Tmut/Erth      ##.......    100%        6    ######.
 Dragon Form              Tmut           ##........   100%        7    #######
 Malign Gateway           Summ/Tloc      ###.......   100%        7    #######
 Orb of Destruction       Conj           ##........   100%        7    #######
 Summon Hydra             Summ           #.........   100%        7    #######
 Disjunction              Tloc           #####.....   100%        8    #######
 Dragon's Call            Summ           #.........   100%        9    #######
 Tornado                  Air            ##........   100%        9    #######
 Blink                    Tloc           Unusable     N/A         2    N/A
 Swiftness                Chrm/Air       Unusable     N/A         2    N/A
 Controlled Blink         Tloc           Unusable     N/A         8    N/A

Action                   |  1- 3 |  4- 6 |  7- 9 | 10-12 | 13-15 | 16-18 | 19-21 | 22-24 | 25-27 || total
-------------------------+-------+-------+-------+-------+-------+-------+-------+-------+-------++-------
Melee: Dagger            |     6 |       |       |       |       |       |       |       |       ||     6
       Trident           |       |     2 |    36 |       |       |       |       |       |       ||    38
       Flail             |       |       |    19 |   113 |    13 |       |       |       |       ||   145
       Double sword      |       |       |       |    12 |       |       |       |       |       ||    12
       Quarterstaff      |       |       |       |       |   636 |   116 |       |       |     8 ||   760
 Fire: Longbow           |       |       |       |       |     5 |  1619 |  1733 |  1541 |  4377 ||  9275
Throw: Dart              |       |       |       |     5 |       |       |       |       |       ||     5
       Javelin           |       |       |       |     3 |       |       |       |       |       ||     3
 Cast: Sting             |    13 |       |    23 |    48 |     1 |       |       |       |       ||    85
       Poisonous Vapours |    32 |    69 |   139 |   226 |   138 |     3 |       |       |       ||   607
       Mephitic Cloud    |       |       |     4 |    17 |    12 |       |       |       |       ||    33
       Ignite Poison     |       |       |     3 |    54 |    57 |     4 |       |       |       ||   118
       Olgreb's Toxic Ra |       |       |       |    27 |    86 |     9 |       |       |       ||   122
       Apportation       |       |       |       |       |       |       |       |       |   126 ||   126
       Portal Projectile |       |       |       |       |       |       |       |       |     9 ||     9
Invok: Heroism           |       |       |       |     8 |    10 |    37 |    13 |    16 |    19 ||   103
       Finesse           |       |       |       |       |       |     7 |     4 |     5 |    22 ||    38
 Abil: Dig               |       |       |     1 |     8 |     7 |     8 |     6 |     8 |    19 ||    57
       Shaft Self        |       |       |       |     2 |       |       |       |       |       ||     2
       Stop Flying       |       |       |       |       |       |       |       |       |     1 ||     1
Evoke: Wand              |       |       |     1 |    20 |     4 |     4 |     9 |     1 |     1 ||    40
       Box of beasts     |       |       |       |     1 |     1 |       |       |       |       ||     2
       Tin of tremorston |       |       |       |       |       |       |       |     3 |       ||     3
  Use: Scroll            |     2 |     4 |     5 |    14 |     3 |     5 |     2 |     4 |    34 ||    73
       Potion            |       |       |       |     1 |       |     5 |     1 |       |     6 ||    13
 Stab: Confused          |       |       |     1 |     1 |     2 |       |       |       |       ||     4
       Paralysed         |       |       |       |     7 |       |       |       |       |       ||     7
       Petrified         |       |       |       |       |     1 |       |       |       |       ||     1
  Eat: Chunk             |     5 |    13 |    11 |    29 |    32 |    30 |    18 |    14 |    20 ||   172
       Ration            |       |       |     3 |     3 |     4 |     3 |     3 |     3 |    16 ||    35
Armor: Robe              |     3 |     3 |     9 |     1 |       |       |       |       |       ||    16
       Ring mail         |       |       |       |    35 |   133 |    64 |       |       |       ||   232
       Swamp dragon scal |       |       |       |     7 |     7 |       |       |       |       ||    14
       Chain mail        |       |       |       |       |       |     4 |       |       |       ||     4
       Crystal plate arm |       |       |       |       |       |   161 |   129 |    39 |       ||   329
       Scale mail        |       |       |       |       |       |       |       |    12 |   164 ||   176
Dodge: Dodged            |    17 |    15 |    34 |   139 |   325 |   306 |    86 |    39 |   192 ||  1153
Block: Buckler           |       |       |    32 |    51 |   105 |       |       |       |       ||   188
       Kite shield       |       |       |       |       |    95 |   264 |       |       |       ||   359
       Tower shield      |       |       |       |       |       |   126 |   437 |   227 |   779 ||  1569
       Reflection        |       |       |       |       |       |       |    54 |    87 |    57 ||   198
       Rpst.: Double sword |       |       |       |     2 |       |       |       |       |       ||     2

Skill      XL: |  1  2  3  4  5  6  7  8  9 10 11 12 13 14 15 16 17 18 19 20 21 22 23 24 25 26 27 |
---------------+----------------------------------------------------------------------------------+-----
Transmutations | 2 |  2.0
Spellcasting   | 3 4 6 8 |  8.0
Air Magic      | 1 2 |  2.0
Poison Magic   | 5 6 7 8 |  8.0
Shields        | 2 3 4 8 10 11 14 15 23 | 23.0
Conjurations   | 2 |  2.0
Fire Magic     | 2 |  2.0
Fighting       | 3 4 5 8 9 10 11 12 15 21 | 21.5
Armour         | 4 8 10 12 13 15 21 | 21.5
Evocations     | 5 6 8 |  8.0
Invocations    | 5 8 10 | 10.0
Dodging        | 7 8 10 11 | 11.5
Staves         | 8 11 12 | 12.0
Bows           | 4 10 13 14 16 17 18 20 21 22 27 | 27.0
Hexes          | 6 8 |  8.0
Translocations | 4 6 8 |  8.0
Stealth        | |  2.4

Inventory:

Hand Weapons
 a - the +8 quarterstaff "Megrocun" {god gift, flame, *Rage rN+ Str+6}
   (Okawaru gifted it to you on level 2 of the Lair of Beasts)

   It has been specially enchanted to burn those struck by it, causing extra
   injury to most foes and up to half again as much damage against particularly
   susceptible opponents.
   It affects your strength (+6).
   It protects you from negative energy.
   It may make you go berserk in combat.
 b - the +7 quarterstaff of Awkwardness {god gift, vamp, +Blink Str-5 Int+7 Dex+4}
   (Okawaru gifted it to you in an ice cave)

   It inflicts no extra harm, but heals its wielder when it wounds a living foe.
   It affects your strength (-5).
   It affects your intelligence (+7).
   It affects your dexterity (+4).
   It lets you blink.
 c - the +7 lajatang of Order {silver, rMut}
   (You found it in an ice cave)

   It protects you from mutation.
 w - the +8 longbow of the Final Shrikes (weapon) {god gift, speed, Str-2 Int-5 Dex+9 SInv}
   (Okawaru gifted it to you on level 13 of the Dungeon)

   Attacks with this weapon are significantly faster.
   It affects your strength (-2).
   It affects your intelligence (-5).
   It affects your dexterity (+9).
   It lets you see invisible.
Missiles
 f - a throwing net {!f}
 s - 1030 arrows (quivered)
 E - 16 curare-tipped darts
Armour
 r - the +3 pair of gauntlets of War (worn) {Slay+5}
   (You found it on level 3 of the Depths)

   It affects your accuracy and damage with ranged weapons and melee attacks
   (+5).
 v - the +8 scale mail of Dithmenos's Approval (worn) {*Slow rElec rF+}
   (You bought it in a shop on level 3 of the Elven Halls)

   It protects you from fire.
   It insulates you from electricity.
   It may slow you when you take damage.
 A - a +2 tower shield of protection (worn)
 L - the +4 dragonskin cloak (worn)
   (You took it off Tiamat on level 4 of the Realm of Zot)
 Z - a +2 pair of boots of flying (worn)
Jewellery
 q - a +4 ring of slaying
 F - the ring "Junnuh" {rF+ Dex+6}
   (You found it on level 3 of the Depths)

   [ring of dexterity]

   It affects your dexterity (+6).
   It protects you from fire.
 G - the ring "Ydy Per" (right hand) {rF+ Slay+4}
   (You took it off a skeletal warrior on level 3 of the Crypt)

   [ring of protection from fire]

   It affects your accuracy and damage with ranged weapons and melee attacks
   (+4).
   It protects you from fire.
 M - an amulet of reflection (around neck)
 Q - the ring "Ajibawk" {rPois rC+ MR+}
   (You found it on level 9 of the Dungeon)

   [ring of protection from cold]

   It protects you from cold.
   It protects you from poison.
   It affects your resistance to hostile enchantments.
 X - the ring "Emeisynilay" (left hand) {rPois rN++ Str+9 Int+6 Dex-2}
   (You acquired it on level 3 of the Crypt)

   [ring of intelligence]

   It affects your strength (+9).
   It affects your intelligence (+6).
   It affects your dexterity (-2).
   It protects you from poison.
   It greatly protects you from negative energy.
Wands
 m - a wand of clouds (26)
 t - a wand of enslavement (50)
 y - a wand of acid (103)
 D - a wand of iceblast (68)
 K - a wand of paralysis (23)
 P - a wand of digging (7)
 W - a wand of polymorph (8)
Scrolls
 d - 25 scrolls of remove curse {@r4}
 j - 3 scrolls of vulnerability
 k - 5 scrolls of silence
 o - 9 scrolls of fear
 x - a scroll of holy word
 N - 2 scrolls of magic mapping
 R - 22 scrolls of identify {@r3}
 T - 11 scrolls of fog
 V - 5 scrolls of summoning
Potions
 g - 17 potions of might
 h - 16 potions of heal wounds {@q1}
 i - a potion of cancellation
 l - 5 potions of magic
 n - 4 potions of stabbing
 p - 8 potions of resistance
 z - 10 potions of brilliance
 B - 11 potions of ambrosia
 H - 15 potions of mutation
 S - a potion of invisibility
 U - 23 potions of curing {@q2}
Miscellaneous
 u - a lightning rod (4/4)
 C - a tin of tremorstones (3/3)
 I - a phial of floods
 O - 5 boxes of beasts
 Y - 6 phantom mirrors
Comestibles
 e - 78 rations

#......###....####.......
#.###..# ###### #....... #.#
#.## ###'#.## ##.###.## #.#.##
#####.......# ###.#.##
#≈..........##### #...#.##
#≈§..≈....#.....# #.###.##
#≈≈≈≈.≈≈≈.......# #.# #.##
#≈§≈≈≈§§§§..#@..#######.###.##
#§≈≈≈≈§≈§≈§.##....[.......#.##
#§≈≈≈≈§§§≈§....#.######.#.#.#
#§≈§§§≈≈§≈≈....#.#....#.#.#.#
#≈≈≈≈§≈§≈≈≈....#.##...#.#.#.#
#≈≈§≈≈≈§≈≈≈....#..#.....#.#.#
# ≈≈≈≈≈≈§≈≈§...##.#.#####.#.#
_≈≈§≈§§≈≈§...##.#.......#.#
≈≈≈§§≈§§≈≈..##.#########.#


There were no monsters in sight!

Vanquished Creatures
  the Royal Jelly (Slime:5)
  Dissolution (Slime:3)
  Tiamat (Zot:4)
  3 ancient liches (Zot:5)
  Mennas (Vaults:3)
  Mara (Depths:3)
  A pandemonium lord (Depths:1)
  4 orbs of fire
  3 juggernauts
  Bai Suzhen (Depths:3)
  The ghost of Waros the Metallomancer, a veteran GrEE of Ashenzari (Vaults:3)
  the Lernaean hydra (Swamp:4)
  10 Killer Klowns
  Margery (Depths:3)
  4 curse toes
  Saint Roka (Crypt:3)
  Nikola (Vaults:2)
  19 golden dragons
  4 electric golems
  The ghost of Rov Woulue the Black Belt, an adept MfTm of Cheibriados (Vaults:3)
  A bone dragon (Zot:4)
  A Brimstone Fiend (D:4)
  6 liches
  Rupert (Lair:4)
  4 titans
  16 tentacled monstrosities
  27 Orb Guardians
  An Executioner (Depths:1)
  2 ancient champions
  2 deep elf master archers (Elf:3)
  6 quicksilver dragons
  10 acid blobs
  9 death cobs
  3 sphinxes
  Kirke (Lair:6)
  A thorn hunter (Swamp:3)
  11 storm dragons
  A tengu reaver (Depths:5)
  14 shadow dragons
  5 draconian monks
  5 revenants
  The ghost of whitenoisemaker the Grappler, an adept DrTm of Uskayaw (Elf:2)
  6 azure jellies
  8 fire giants
  5 draconian knights
  14 frost giants
  10 deep elf sorcerers
  5 iron dragons
  3 vault wardens
  9 draconian scorchers
  6 deep elf elementalists (Elf:3)
  2 draconian shifters
  Louise (Spider:1)
  9 ghost moths
  3 emperor scorpions
  9 draconian stormcallers
  27 very ugly things
  A spriggan defender (Depths:3)
  A caustic shrike skeleton (Crypt:2)
  An angel (Depths:4)
  10 ghouls
  14 ironheart preservers
  A reaper (D:2)
  A draconian annihilator (Zot:1)
  16 stone giants
  4 entropy weavers
  10 vampire knights
  12 green draconians
  6 deep elf demonologists
  The ghost of Plog the Grappler, a journeyman TrMo of Ru (D:13)
  A lorocyproca (Zot:1)
  13 black draconians
  15 purple draconians
  2 spectral titans (Crypt:3)
  20 red draconians
  7 yellow draconians
  13 white draconians
  3 deep elf annihilators (Elf:3)
  10 spark wasps
  8 ettins
  A green death (Depths:1)
  8 deep elf death magi
  7 eidola (Crypt:3)
  Snorg (Lair:6)
  A crystal guardian (Vaults:3)
  18 fire dragons
  3 death oozes
  8 deep elf high priests
  12 jiangshi
  A spectral quicksilver dragon (Crypt:3)
  5 rakshasas
  22 yaktaur captains
  16 great orbs of eyes
  24 hydras
  16 ogre magi
  4 shambling mangroves
  3 spriggan air magi
  Erica (D:11)
  A catoblepas (Lair:6)
  3 hell beasts
  15 ice dragons
  11 vault guards
  An anaconda (shapeshifter) (D:13)
  36 two-headed ogres
  2 spectral frost giants (Crypt:3)
  14 alligators
  4 death knights
  A queen ant (D:8)
  29 dancing weapons
  A spectral stone giant (Crypt:3)
  11 centaur warriors
  Urug (Orc:1)
  16 death yaks
  5 hell hogs
  18 deep troll shamans
  9 vampire magi
  9 tengu warriors
  27 deep elf knights
  4 spriggan berserkers
  8 deep troll earth magi
  4 orc high priests
  Sonja (D:11)
  A storm dragon zombie (Crypt:2)
  3 soul eaters
  A titan skeleton (Crypt:3)
  A sun demon (D:1)
  9 shadow wraiths
  5 iron trolls
  A sixfirhy (Zot:3)
  17 skeletal warriors
  15 hell knights
  5 unseen horrors
  An entropy weaver zombie (Crypt:3)
  2 spectral ghost moths (Crypt:3)
  4 spriggan druids
  4 glowing orange brains
  10 wizards
  38 deep trolls
  16 ironbrand convokers
  8 flayed ghosts
  14 swamp dragons
  A swamp dragon (shapeshifter) (Vaults:4)
  A golden dragon skeleton (Depths:4)
  2 sphinx zombies
  An iron dragon zombie (Depths:4)
  17 deep elf archers
  2 spectral hydras (Crypt:3)
  9 necromancers
  A lindwurm (Lair:6)
  A lindwurm (shapeshifter) (D:13)
  58 deep elf magi
  14 orc knights
  14 phantasmal warriors
  A harpy (shapeshifter) (Vaults:1)
  A spectral iron dragon (Crypt:3)
  28 orb spiders
  33 wolf spiders
  4 harpies (Vaults:2)
  A wolf spider zombie (D:15)
  A frost giant zombie (Vaults:4)
  6 oklob plants
  A salamander (shapeshifter) (Depths:2)
  5 shining eyes (Slime:5)
  8 orc sorcerers
  8 manticores
  4 black mambas
  36 moths of wrath
  2 moths of wrath (shapeshifter)
  13 elephants
  13 cyclopes
  39 ugly things
  A toenail golem (Depths:2)
  A guardian serpent (shapeshifter) (Depths:1)
  A rust devil (Depths:4)
  A stone giant skeleton (Vaults:1)
  A torpor snail (shapeshifter) (Elf:3)
  11 vault sentinels
  2 gargoyles
  20 spiny frogs
  A molten gargoyle (D:12)
  An elephant slug zombie (Crypt:3)
  A green draconian zombie (Crypt:1)
  3 torpor snails
  A death yak zombie (Crypt:2)
  3 eyes of devastation
  3 rime drakes
  An efreet (D:13)
  7 kobold demonologists
  A storm dragon simulacrum (Crypt:3)
  2 komodo dragons
  2 sea snake zombies
  A hellion (D:1)
  A redback zombie (D:15)
  65 yaktaurs
  21 freezing wraiths
  A purple draconian skeleton (Crypt:2)
  3 tengu conjurers (Depths:1)
  2 ice devils (Lair:5)
  A meliai (shapeshifter) (Depths:1)
  12 demonic crawlers
  A jumping spider (shapeshifter) (Depths:2)
  A troll (shapeshifter) (Vaults:1)
  A red devil (Depths:1)
  54 jumping spiders
  3 meliai (Spider:2)
  A merfolk (shapeshifter) (Depths:5)
  2 polar bears (shapeshifter)
  A harpy zombie (D:15)
  10 trolls
  17 hornets
  A death drake zombie (Crypt:2)
  17 polar bears
  A queen bee (Spider:2)
  7 tyrant leeches
  2 wind drakes (shapeshifter)
  2 hippogriffs (shapeshifter)
  91 slime creatures
  A blink frog (shapeshifter) (Vaults:1)
  2 iron dragon simulacra (Crypt:3)
  6 blink frogs (Lair:2)
  7 bog bodies
  A fire giant simulacrum (Vaults:2)
  7 hippogriffs
  A satyr skeleton (Crypt:3)
  A spriggan (shapeshifter) (Vaults:1)
  A vampire (D:15)
  9 flying skulls
  A redback (shapeshifter) (Depths:2)
  53 redbacks
  Sigmund (D:3)
  6 spriggans
  8 water elementals
  3 air elementals
  4 wyverns
  9 shadows
  A human (shapeshifter) (Depths:1)
  A human (D:14)
  10 wraiths
  A ynoxinul (D:7)
  26 tarantellas
  A fire elemental (Elf:2)
  A hog (shapeshifter) (Depths:2)
  79 yaks
  2 hogs (Lair:6)
  3 basilisks
  Grum (D:8)
  28 vampire mosquitoes
  2 human simulacra
  A chaos spawn (Zot:2)
  A faun zombie (Crypt:2)
  2 hungry ghosts
  A steam dragon (D:9)
  A neqoxec (Depths:3)
  11 swamp worms
  3 acid dragons
  A deep troll zombie (Vaults:4)
  13 insubstantial wisps
  10 wargs
  6 soldier ants
  A hydra simulacrum (Crypt:3)
  A spiny frog zombie (Crypt:3)
  A soldier ant (shapeshifter) (Vaults:4)
  6 floating eyes
  15 hell hounds
  A spectral snapping turtle (Crypt:3)
  3 porcupines
  6 water moccasins
  46 orc warriors
  4 sky beasts
  10 swamp drakes
  4 ice beasts
  A merfolk skeleton (Crypt:1)
  A swamp dragon zombie (Crypt:1)
  10 black bears
  3 human zombies (Vaults:1)
  An ice dragon simulacrum (Crypt:3)
  44 ogres
  2 phantoms
  5 eyes of draining
  A hornet zombie (D:13)
  4 necrophages
  An ogre (shapeshifter) (Vaults:3)
  A boggart (Depths:3)
  24 centaurs
  9 crocodiles
  37 wolves
  A hog skeleton (Crypt:2)
  20 bullfrogs
  6 big kobolds
  5 earth elementals
  A yaktaur skeleton (Crypt:1)
  10 scorpions
  A manticore simulacrum (Crypt:3)
  A warg skeleton (Crypt:3)
  31 killer bees
  4 wights (Crypt:2)
  6 howler monkeys
  A troll skeleton (Crypt:1)
  A yak skeleton (Crypt:1)
  3 electric eels
  5 centaur zombies
  6 crimson imps
  A lava snake (D:12)
  A quasit (Depths:2)
  A bullfrog skeleton (D:7)
  A bullfrog zombie (D:9)
  6 jellies
  26 orc priests
  A gnoll shaman (D:4)
  7 hounds
  19 orc wizards
  Jessica (D:2)
  2 centaur skeletons
  6 iguanas
  Natasha (thrice) (D:4)
  5 hell rats (Lair:4)
  23 worker ants
  Ijyb (D:4)
  A hound zombie (D:6)
  An acid dragon skeleton (Crypt:3)
  A worker ant zombie (D:6)
  13 adders
  8 gnolls
  A swamp drake zombie (Crypt:1)
  2 shadow imps
  A halfling skeleton (Crypt:2)
  A worm (D:4)
  3 dart slugs
  3 leopard geckos
  79 orcs
  10 bats
  5 giant cockroaches
  2 gnoll zombies (D:9)
  10 hobgoblins
  9 jackals
  6 quokkas
  2 ball pythons
  7 frilled lizards
  9 goblins
  A jackal zombie (Crypt:1)
  23 kobolds
  A kobold simulacrum (Crypt:3)
  An orc skeleton (Crypt:3)
  7 rats
  A spectral kobold (Crypt:3)
  2 crawling corpses (Elf:3)
  A plant (Lair:6)
2706 creatures vanquished.

Vanquished Creatures (collateral kills)
  A hydra (Lair:1)
  A shining eye (Slime:5)
  A tarantella (Spider:4)
3 creatures vanquished.

Vanquished Creatures (others)
  A storm dragon (Zot:1)
  A draconian monk (Zot:1)
  A rakshasa (Depths:1)
  An ugly thing (Depths:1)
  A deep elf mage (Elf:3)
  A yaktaur (D:15)
  A vampire mosquito (D:13)
  A water moccasin (Lair:5)
  An orc warrior (D:13)
  A sky beast (D:13)
  A centaur (D:13)
  A bullfrog (D:13)
  A crimson imp (D:13)
  A hound (D:13)
  2 orc wizards
  2 orcs (D:13)
  2 briar patches (Swamp:3)
  3 bushes (Depths:5)
  2 demonic plants (Gauntlet)
  2 fungi
  6 plants
  9 withered plants
42 creatures vanquished.

Grand Total: 2751 creatures vanquished

Levels and vault maps discovered:
D:1:      dpeg_arrival_lava_altar, layout_basic, minmay_misc_feat_alley,
          corexii_item_surrounded_by_moat, skrybe_limestone_x
D:2:      layout_basic, gammafunk_temple_overflow_elements, uniq_jessica
D:3:      layout_basic, nicolae_tso_carved_into_rock, uniq_sigmund
D:4:      layout_rooms, uniq_natasha, uniq_ijyb
D:5:      layout_basic, minmay_temple_entry_nine_rooms, basic_altar,
          serial_shops, shop_statue, first_ration
D:6:      layout_gridville, grunt_decor_fettered
D:7:      layout_basic, grunt_temple_overflow_open,
          eat_drink_and_be_merry_uskayaw
D:8:      layout_loops_ring, minitemple, grunt_pizzeria, minmay_another_anthill,
          uniq_grum
D:9:      minmay_the_grid_square_5x5_3x3 [minmay_the_grid_square_5x5_shrine2,
          minmay_the_grid_square_5x5_bite, minmay_the_grid_square_5x5_comb,
          minmay_the_grid_square_5x5_shrine1,
          minmay_the_grid_square_5x5_megaprize_crossed,
          minmay_the_grid_square_5x5_slash, minmay_the_grid_square_5x5_empty,
          minmay_the_grid_square_5x5_detours,
          minmay_the_grid_square_5x5_minivault], layout_gridville,
          lemuel_zombie_altar_yredelemnul, marbit_many_paths, hex_medium,
          minivault_25_ag
D:10:     minmay_opposing_rooms, layout_irregular_city, serial_column_ruins,
          column_ruins_pillar_2, column_ruins_pillar_9, column_ruins_pillar_6,
          minmay_holes
D:11:     layout_cave_pools, lair_entry_dummy, orc_0_dummy, serial_shops, shop,
          shop, shop, uniq_erica, uniq_sonja
D:12:     layout_big_octagon
D:13:     layout_roguey, ebering_ghost_inner_flame, serial_shops,
          shop_fountains, xom_confusion_cloud
D:14:     layout_stronghold, grunt_vaults_entry_fortified, enter_trove_2,
          serial_shops, shop
D:15:     hangedman_depths_entry_try_elsewhere_first, layout_cave_pools,
          fountainhead, special_room [special_room_orc]
Temple:   corrupted_temple
Lair:1:   layout_loops_ring, gauntlet_entry_generic
Lair:2:   layout_gridlike, nicolae_spider_entry_tight_spaces,
          minmay_lair_oklob_chamber, grunt_megastairs_1
Lair:3:   beast_lair_carwin_large_1, layout_cave_pods, skrybe_swamp_entry_bodies
Lair:4:   layout_small_grid, grunt_megastairs_5, infiniplex_staircase_pool,
          uniq_rupert
Lair:5:   layout_loops_ring, minmay_slime_entry_oklob_enclosed,
          portal_ice_cave_demonic_guard, lemuel_fruit_tree
Lair:6:   grunt_lair_end_beastmaster, layout_cave_shapes,
          gammafunk_lair_bear_cave, serial_bayou_shore_a, uniq_kirke, uniq_snorg
Swamp:1:  layout_basic_swamp, nicolae_swamp_triple_paths, swamp_pool1
Swamp:2:  layout_falls_marsh, evilmike_swamp_ruin_house_2
Swamp:3:  layout_basic_swamp, hangedman_swamp_blocks
Swamp:4:  swamp_old_school, layout_basic_swamp
Spider:1: layout_spider_delve, uniq_louise
Spider:2: nicolae_spider_mines_1, special_room [special_room_bee],
          nicolae_orb_stairs
Spider:3: nicolae_spider_hall_of_the_moth_king, nicolae_spider_nook
Spider:4: grunt_spider_rune_parallel
Slime:1:  layout_caves
Slime:2:  layout_caves, cheibrodos_slime_lost_civilization_5
Slime:3:  layout_caves
Slime:4:  layout_caves, dissolution_awaits
Slime:5
Orc:1:    layout_caves, uniq_urug
Orc:2:    st_orc_elflike, layout_caves
Elf:1:    layout_loops_cross, serial_shops, shop, shop, shop_statue, shop,
          shop_fountains, hangedman_elven_crosses_minicolossus
Elf:2:    layout_geoelf_diagonals, gammafunk_ghost_grave
Elf:3:    minmay_elf_hall_quartered_circle, layout_geoelf_castle, special_room
          [special_room_mythical_zoo], serial_shops, shop
Vaults:1: st_lines, grunt_vaults_funnel, v_misc_10, nicolae_vaults_triangles,
          v_misc_4, grunt_vaults_swirl, vaults_room_pools,
          layout_vaults_quadrants, serial_shops, nicolae_shop_waterfront
Vaults:2: v_pattern_1, hangedman_vaults_stretched_pinwheel,
          nicolae_vaults_disjoint_gnomons, nicolae_vaults_gold_heap,
          vaults_room_semicircle, hangedman_vaults_river_flow, v_rooms_1,
          ontoclasm_vaults_tryst, nicolae_vaults_lopsided_apartments, v_misc_9,
          minmay_crypt_entry_necro_gods, ontoclasm_vaults_decontamination,
          vaults_dpeg_encased_lava, layout_vaults_maze_snakey, serial_shops,
          nicolae_shop_trees, uniq_nikola
Vaults:3: gammafunk_vaults_ghost_cemetery, nicolae_vaults_three_branches,
          v_pattern_5, hangedman_vaults_capsules,
          hangedman_vaults_stretched_pinwheel, nicolae_vaults_little_squares_6,
          nicolae_vaults_stairing_the_circle, nicolae_vaults_asterisk,
          nicolae_vaults_little_squares_1, layout_vaults_big_room, serial_shops,
          shop, uniq_mennas
Vaults:4: ontoclasm_vaults_idyll, nicolae_vaults_c_with_doors, v_rooms_3,
          hangedman_vaults_locks, ontoclasm_vaults_twist, grunt_vaults_bifocal,
          v_misc_9, v_misc_26, grunt_vaults_focal, dpeg_vaults_monster_box,
          vaults_standard_mumra_x, ontoclasm_vaults_ligature,
          ontoclasm_vaults_ring_small, layout_vaults_omnibox
Crypt:1:  layout_regular_city, minivault_26
Crypt:2:  layout_regular_city
Crypt:3:  due_elkab, layout_chaotic_city, tomb_entry_forgotten_bobbens,
          uniq_saint_roka
Depths:1: layout_cave_shapes, roderic_roman_lattice, grunt_hell_horde,
          abyss_entry_flame_altar, minmay_multi_spiral
Depths:2: minmay_sliced_demisemicircle, layout_basic,
          minmay_misc_feat_diagonals, serial_shops, kennysheep_little_box,
          abyss_entry, grunt_pan_entry_spiral, pf_coc_iceberg,
          infiniplex_staircase_door_maze
Depths:3: hangedman_spin_cycle, hell_entry, pan_entry, uniq_mara,
          uniq_bai_suzhen
Depths:4: lemuel_castle_with_subvaults [lemuel_castle_interior_carwin_3],
          layout_cave_pools, enter_ziggurat_f, abyss_entry,
          infiniplex_staircase_diamond, grunt_hell_entry_dis_old,
          nicolae_twisting_strands
Depths:5: grunt_zot_entry_funnels, layout_basic, roderic_cross_of_infinity,
          hell_entry, minmay_shop_grove
Zot:1:    layout_cellular_growth
Zot:2:    layout_concentric_octagons
Zot:3:    grunt_zot_stairs_faceoff, layout_misc_corridors,
          hangedman_zot_wheel_spokes, st_stairs_11
Zot:4:    hangedman_zot_vaults_quadrants, layout_concentric_octagons,
          st_grand_hoard_of_tiamat
Zot:5:    layout_misc_corridors, st_stairs_14


Message History

[Y]es or [N]o only, please.
Really attack while wielding the +8 longbow of the Final Shrikes {god gift, speed, Str-2 Int-5 Dex+9 SInv}? [Y]es or [N]o only, please.
Really attack while wielding the +8 longbow of the Final Shrikes {god gift, speed, Str-2 Int-5 Dex+9 SInv}?
Okay, then.
Firing (i - inventory. (/) - cycle)
s - 1031 arrows (quivered)
Press: ? - help, Shift-Dir - straight line, f - sun demon
Aim: a sun demon You shoot an arrow.
The arrow hits the sun demon!!!
You kill the sun demon!
Okawaru accepts your kill.
No target in view!
No target in view!
(D) Dungeon (T) Temple (L) Lair (S) Swamp (N) Spider Nest (M) Slime Pits (O) Orcish Mines (E) Elven Halls (V) Vaults (C) Crypt (W) Tomb (U) Depths (H) Hell (Z) Zot
Where to? (Enter - D:1 @ (x,y), ? - help)
There is a staircase leading out of the dungeon here.
You have escaped!

Notes
Turn   | Place    | Note
-------+----------+-------------------------------------------
     0 | D:1      | bmfx the Formicid Venom Mage began the quest for the Orb.
     0 | D:1      | Reached XP level 1. HP: 13/13 MP: 3/3
   189 | D:1      | Reached XP level 2. HP: 15/19 MP: 0/5
   204 | D:1      | Learned a level 2 spell: Poisonous Vapours
   864 | D:1      | Reached XP level 3. HP: 24/24 MP: 3/6
  1228 | D:1      | Found a shadowy altar of Dithmenos.
  1749 | D:2      | Noticed Jessica
  1815 | D:2      | Killed Jessica
  1815 | D:2      | Reached skill level 1 in Air Magic
  1815 | D:2      | Reached XP level 4. HP: 30/30 MP: 1/8
  2581 | D:2      | Found a burning altar of Makhleb.
  2581 | D:2      | Found a shimmering altar of Xom.
  2703 | D:2      | Learned a level 3 spell: Mephitic Cloud
  2707 | D:2      | Learned a level 3 spell: Ignite Poison
  2743 | D:3      | Reached skill level 5 in Poison Magic
  2957 | D:3      | Reached XP level 5. HP: 33/35 MP: 2/9
  3429 | D:3      | Found a glowing golden altar of the Shining One.
  4104 | D:3      | Noticed Sigmund
  4122 | D:3      | Killed Sigmund
  4122 | D:3      | Reached XP level 6. HP: 21/41 MP: 0/11
  4567 | D:4      | Reached XP level 7. HP: 46/46 MP: 10/13
  4692 | D:4      | Reached skill level 1 in Conjurations
  4692 | D:4      | Reached skill level 1 in Fire Magic
  4837 | D:4      | Got a fabulously ornate robe
  4848 | D:4      | Identified the +0 robe of Shielding {Str+4} (You found it
                  | on level 4 of the Dungeon)
  4957 | D:4      | Noticed Ijyb
  4966 | D:4      | Killed Ijyb
  5206 | D:4      | Noticed Natasha
  5253 | D:4      | Killed Natasha
  5496 | D:4      | Noticed Natasha
  5502 | D:4      | Killed Natasha
  5502 | D:4      | Reached XP level 8. HP: 48/53 MP: 5/14
  5573 | D:4      | Noticed Natasha
  5835 | D:4      | Killed Natasha
  5857 | D:5      | Entered Level 5 of the Dungeon
  6295 | D:5      | Found a sparkling altar of Nemelex Xobeh.
  6349 | D:5      | Found Maabagh's Magic Scroll Boutique.
  6369 | D:5      | Bought a scroll of identify for 24 gold pieces
  6369 | D:5      | Bought a scroll of identify for 24 gold pieces
  6369 | D:5      | Bought a scroll of identify for 24 gold pieces
  6372 | D:5      | Bought a scroll of identify for 24 gold pieces
  6372 | D:5      | Bought a scroll of identify for 24 gold pieces
  6374 | D:5      | Bought a scroll of magic mapping for 42 gold pieces
  6374 | D:5      | Bought a scroll of enchant weapon for 90 gold pieces
  6526 | D:5      | Found a staircase to the Ecumenical Temple.
  6531 | Temple   | Entered the Ecumenical Temple
  6565 | Temple   | Became a worshipper of Warmaster Okawaru
  7227 | D:6      | Reached skill level 5 in Spellcasting
  7491 | D:6      | Reached skill level 1 in Fighting
  8135 | D:6      | Reached XP level 9. HP: 65/65 MP: 13/18
  8248 | D:6      | Got an amethyst-encrusted ring mail
  8404 | D:7      | Found a hide-covered altar of Uskayaw.
  8411 | D:7      | Reached skill level 1 in Armour
  8592 | D:7      | Reached * piety under Okawaru
  8651 | D:7      | Found a bloodstained altar of Trog.
  8653 | D:7      | Found a sacrificial altar of Ru.
  8654 | D:7      | Found a blossoming altar of Fedhas.
  8654 | D:7      | Found a glowing silver altar of Zin.
  8654 | D:7      | Found a white marble altar of Elyvilon.
  8655 | D:7      | Found a snail-covered altar of Cheibriados.
  8669 | D:7      | Reached skill level 1 in Evocations
  8812 | D:7      | Found a shimmering blue altar of Sif Muna.
  9480 | D:7      | Reached skill level 5 in Evocations
  9480 | D:7      | Reached skill level 1 in Invocations
  9547 | D:7      | Reached ** piety under Okawaru
  9997 | D:8      | Reached skill level 5 in Invocations
 10090 | D:8      | Reached XP level 10. HP: 71/71 MP: 12/19
 10197 | D:8      | Learned a level 4 spell: Olgreb's Toxic Radiance
 10242 | D:8      | Reached skill level 5 in Armour
 10329 | D:8      | Noticed a queen ant
 10352 | D:8      | Killed a queen ant
 10555 | D:8      | Reached *** piety under Okawaru
 11259 | D:8      | Identified the +1 ring mail "Qizemn" {rElec MR+ Str+3} (You
                  | found it on level 6 of the Dungeon)
 11433 | D:8      | Found a stormy altar of Qazlal.
 11438 | D:8      | Noticed Grum
 11440 | D:8      | Killed Grum
 11604 | D:8      | Found a shadowy altar of Dithmenos.
 11659 | D:8      | Reached **** piety under Okawaru
 11823 | D:9      | Found a snail-covered altar of Cheibriados.
 11827 | D:9      | Noticed a manticore
 11827 | D:9      | Noticed a freezing wraith
 11830 | D:9      | You fall into a shaft and drop 3 floors!
 11834 | D:12     | Reached skill level 5 in Fighting
 12034 | D:12     | Reached XP level 11. HP: 81/81 MP: 23/23
 12083 | D:11     | Noticed an unseen horror
 12126 | D:11     | Killed an unseen horror
 12170 | D:11     | Found Samumuci's Distillery.
 12471 | D:11     | Bought a potion of lignification for 45 gold pieces
 12471 | D:11     | Bought a potion of curing for 45 gold pieces
 12471 | D:11     | Bought a potion of heal wounds for 75 gold pieces
 12471 | D:11     | Bought a potion of heal wounds for 75 gold pieces
 12478 | D:10     | Entered Level 10 of the Dungeon
 12697 | D:10     | Received a gift from Okawaru
 13190 | D:9      | Found an ancient bone altar of Kikubaaqudgha.
 13376 | D:9      | Found a basalt altar of Yredelemnul.
 13585 | D:9      | Noticed a two-headed ogre
 13647 | D:9      | Killed a two-headed ogre
 13647 | D:9      | Reached skill level 5 in Dodging
 13943 | D:9      | Noticed a deep elf mage
 13955 | D:9      | Killed a deep elf mage
 14194 | D:9      | Reached ***** piety under Okawaru
 14259 | D:9      | You fall into a shaft and drop 1 floor!
 14351 | D:9      | Noticed a cyclops
 14568 | D:9      | Killed a manticore
 14595 | D:9      | Killed a cyclops
 14595 | D:9      | Reached XP level 12. HP: 50/92 MP: 5/24
 14862 | D:9      | Got a faintly humming leather armour
 14865 | D:9      | Got a brightly glowing lapis lazuli ring
 14867 | D:9      | Got a pitted scimitar
 14876 | D:9      | Got a bloodstained mace
 14908 | D:9      | Identified the cursed +1 scimitar "Necrukyr" {vorpal, +Rage
                  | Dex+3} (You found it on level 9 of the Dungeon)
 14928 | D:8      | Identified the cursed +0 leather armour of Brilliance {rN+
                  | rCorr} (You found it on level 9 of the Dungeon)
 14935 | D:8      | Identified the cursed +1 mace "Awkog" {vorpal, rF+ Dex+4}
                  | (You found it on level 9 of the Dungeon)
 14950 | D:8      | Identified the ring "Ajibawk" {rPois rC+ MR+} (You found it
                  | on level 9 of the Dungeon)
 15287 | D:10     | Reached skill level 1 in Staves
 16289 | D:11     | Noticed Erica
 16312 | D:11     | Killed Erica
 16312 | D:11     | Received a gift from Okawaru
 16312 | D:11     | Reached skill level 5 in Staves
 16423 | D:11     | Found a staircase to the Orcish Mines.
 16428 | D:11     | Found Keonlut's Weapon Shoppe.
 16432 | D:11     | Found Vatepn's Antique Armour Shoppe.
 16433 | D:11     | Found a staircase to the Lair.
 16571 | D:11     | Noticed Sonja
 16577 | D:11     | Bought a pair of gloves for 126 gold pieces
 16602 | D:11     | Killed Sonja
 16610 | D:11     | Noticed a death knight
 16622 | D:11     | Killed a death knight
 17105 | Lair:1   | Entered Level 1 of the Lair of Beasts
 17105 | Lair:1   | Found a gate leading to a gauntlet.
 17105 | Lair:1   | Noticed a five-headed hydra
 17136 | Lair:1   | Killed a five-headed hydra
 17157 | Gauntlet | Entered a Gauntlet
 17157 | Gauntlet | Found a transporter.
 17157 | Gauntlet | Found a transporter.
 17157 | Gauntlet | Found a transporter.
 17157 | Gauntlet | Noticed a death ooze
 17173 | Gauntlet | Found a transporter.
 17174 | Gauntlet | Found a transporter.
 17174 | Gauntlet | Found a transporter.
 17188 | Gauntlet | Found a transporter.
 17190 | Gauntlet | Found a transporter.
 17197 | Gauntlet | Noticed a reaper
 17198 | Gauntlet | Found a transporter.
 17201 | Gauntlet | Noticed an unseen horror
 17304 | Gauntlet | Found a transporter.
 17305 | Gauntlet | Found a transporter.
 17314 | Gauntlet | Found a transporter.
 18587 | Lair:1   | Noticed an eight-headed hydra
 18592 | Lair:1   | Killed an eight-headed hydra
 18592 | Lair:1   | Reached XP level 13. HP: 103/103 MP: 25/25
 18765 | Lair:2   | Reached skill level 10 in Fighting
 18930 | Lair:2   | Noticed a seven-headed hydra
 18942 | Lair:2   | Killed a seven-headed hydra
 19246 | Lair:2   | Reached skill level 10 in Armour
 19293 | Lair:2   | Received a gift from Okawaru
 19294 | Lair:2   | Got a twisted quarterstaff {god gift}
 19295 | Lair:2   | Identified the +8 quarterstaff "Megrocun" {god gift, flame,
                  | *Rage rN+ Str+6} (Okawaru gifted it to you on level 2 of
                  | the Lair of Beasts)
 19373 | Lair:2   | Noticed a seven-headed hydra
 19391 | Lair:2   | Reached ****** piety under Okawaru
 19395 | Lair:2   | Killed a seven-headed hydra
 19708 | Lair:2   | Found a hole to the Spider Nest.
 19713 | Lair:2   | Reached skill level 10 in Staves
 20222 | Lair:2   | Received a gift from Okawaru
 20492 | Lair:3   | Found a staircase to the Swamp.
 21471 | Lair:3   | Reached XP level 14. HP: 96/110 MP: 21/26
 22045 | Lair:4   | Noticed Rupert
 22059 | Lair:4   | Killed Rupert
 22935 | Lair:5   | Found a frozen archway.
 22944 | Lair:5   | Reached skill level 10 in Dodging
 22957 | IceCv    | Entered an ice cave
 23166 | IceCv    | Found the +7 lajatang of Order {silver, rMut}
 23386 | IceCv    | Received a gift from Okawaru
 23393 | IceCv    | Got an encrusted quarterstaff {god gift}
 23408 | IceCv    | Identified the +7 quarterstaff of Awkwardness {god gift,
                  | vamp, +Blink Str-5 Int+7 Dex+4} (Okawaru gifted it to you
                  | in an ice cave)
 23756 | IceCv    | Noticed a frost giant
 23764 | IceCv    | Killed a frost giant
 24184 | Lair:5   | Reached XP level 15. HP: 120/120 MP: 16/27
 24602 | Lair:5   | Found a staircase to the Slime Pits.
 24651 | Lair:6   | Entered Level 6 of the Lair of Beasts
 24831 | Lair:6   | Got a fading trident
 24832 | Lair:6   | Identified the +7 trident of the Beginning {venom, rC+
                  | Str+4} (You found it on level 6 of the Lair of Beasts)
 25112 | Lair:6   | Received a gift from Okawaru
 25528 | Lair:6   | Noticed Snorg
 25535 | Lair:6   | Killed Snorg
 26199 | D:5      | Found a sparkling altar of Nemelex Xobeh.
 27290 | D:13     | Received a gift from Okawaru
 27291 | D:13     | Got a polished longbow {god gift}
 27292 | D:13     | Identified the +8 longbow of the Final Shrikes {god gift,
                  | speed, Str-2 Int-5 Dex+9 SInv} (Okawaru gifted it to you on
                  | level 13 of the Dungeon)
 27430 | D:13     | Reached skill level 1 in Bows
 27643 | D:13     | Reached skill level 2 in Bows
 27688 | D:13     | Found a shimmering altar of Xom.
 27833 | D:13     | Found a runed translucent door.
 27837 | D:13     | Noticed Plog's ghost (journeyman TrMo)
 27838 | D:13     | Found the +6 lightning scales {run, rElec}
 27872 | D:13     | Found Utunwuomol's Jewellery Shoppe.
 28149 | D:13     | Reached skill level 3 in Bows
 28869 | D:11     | Bought 25 arrows for 50 gold pieces
 28869 | D:11     | Bought 24 arrows for 48 gold pieces
 29434 | D:14     | Found Ucyhoxu's General Store.
 29800 | D:14     | Reached skill level 4 in Bows
 29804 | D:14     | Reached XP level 16. HP: 107/127 MP: 22/28
 30153 | D:14     | Received a gift from Okawaru
 30252 | D:14     | Reached skill level 5 in Bows
 30598 | D:14     | Reached skill level 6 in Bows
 30601 | D:14     | Found a portal to a secret trove of treasure.
 30855 | D:14     | Found a gate to the Vaults.
 31123 | D:15     | Entered Level 15 of the Dungeon
 31138 | D:15     | Reached skill level 7 in Bows
 31475 | D:15     | Reached skill level 8 in Bows
 31949 | D:15     | Received a gift from Okawaru
 32295 | D:15     | Found a staircase to the Depths.
 32322 | D:15     | Reached skill level 9 in Bows
 32536 | Orc:1    | Entered Level 1 of the Orcish Mines
 32722 | Orc:1    | Noticed Urug
 32735 | Orc:1    | Killed Urug
 33127 | Orc:2    | Entered Level 2 of the Orcish Mines
 33486 | Orc:2    | Found a staircase to the Elven Halls.
 33971 | Orc:2    | Reached skill level 10 in Bows
 34003 | Orc:2    | Reached XP level 17. HP: 96/133 MP: 26/29
 34010 | Orc:2    | Received a gift from Okawaru
 34025 | Orc:2    | Found Higiusch's Book Shoppe.
 34025 | Orc:2    | Found Immieps's Magic Scroll Shoppe.
 34027 | Orc:2    | Found Utoaregh's Book Boutique.
 34027 | Orc:2    | Found Rualosm's Magic Scroll Boutique.
 34161 | Orc:2    | Bought a scroll of fog for 32 gold pieces
 34163 | Orc:2    | Bought a scroll of fog for 28 gold pieces
 34163 | Orc:2    | Bought a scroll of fog for 28 gold pieces
 34331 | Swamp:1  | Entered Level 1 of the Swamp
 34923 | Swamp:1  | Reached skill level 11 in Bows
 35824 | Swamp:2  | Received a gift from Okawaru
 36287 | Swamp:2  | Reached skill level 12 in Bows
 37232 | Swamp:3  | Noticed a thorn hunter
 37250 | Swamp:3  | Killed a thorn hunter
 38093 | Swamp:3  | Reached skill level 13 in Bows
 38173 | Swamp:4  | Entered Level 4 of the Swamp
 38281 | Swamp:4  | Received a gift from Okawaru
 39018 | Swamp:4  | Reached XP level 18. HP: 138/140 MP: 30/30
 39025 | Swamp:4  | Noticed the 27-headed Lernaean hydra
 39041 | Swamp:4  | Killed the 27-headed Lernaean hydra
 39084 | Swamp:4  | Received a gift from Okawaru
 39099 | Swamp:4  | Reached skill level 14 in Bows
 39104 | Swamp:4  | Received a gift from Okawaru
 39293 | Swamp:4  | Got a decaying rune of Zot
 39543 | Spider:1 | Entered Level 1 of the Spider Nest
 39543 | Spider:1 | Noticed Louise
 39561 | Spider:1 | Killed Louise
 39607 | Spider:1 | Got a faintly humming scale mail
 39618 | Spider:1 | Identified the +2 scale mail of Wukuwiech {Int+6} (You
                  | found it on level 1 of the Spider Nest)
 39955 | Spider:1 | Reached skill level 5 in Shields
 41078 | Spider:2 | Received a gift from Okawaru
 42007 | Spider:3 | Reached XP level 19. HP: 146/146 MP: 31/31
 42071 | Spider:3 | Received a gift from Okawaru
 42104 | Spider:3 | Reached skill level 15 in Bows
 42193 | Spider:3 | Received a gift from Okawaru
 42596 | Spider:4 | Entered Level 4 of the Spider Nest
 42956 | Spider:4 | Reached skill level 10 in Shields
 43566 | Spider:4 | Received a gift from Okawaru
 43663 | Spider:4 | Received a gift from Okawaru
 43730 | Spider:4 | Received a gift from Okawaru
 43739 | Spider:4 | Reached skill level 10 in Invocations
 43863 | Spider:4 | Got a gossamer rune of Zot
 44859 | Vaults:1 | Entered Level 1 of the Vaults
 45194 | Vaults:1 | Reached skill level 16 in Bows
 45410 | Vaults:1 | Reached XP level 20. HP: 153/153 MP: 32/32
 46097 | Vaults:1 | Found Lauh's Distillery.
 46108 | Vaults:1 | Bought a potion of heal wounds for 65 gold pieces
 46108 | Vaults:1 | Bought a potion of curing for 39 gold pieces
 46108 | Vaults:1 | Bought a potion of resistance for 130 gold pieces
 46184 | Vaults:1 | Received a gift from Okawaru
 46633 | Vaults:1 | Reached skill level 17 in Bows
 47449 | Lair:6   | Noticed Kirke
 47458 | Lair:6   | Killed Kirke
 48232 | Vaults:2 | Noticed Nikola
 48245 | Vaults:2 | Killed Nikola
 48743 | Vaults:2 | Received a gift from Okawaru
 48845 | Vaults:2 | Reached XP level 21. HP: 135/159 MP: 33/33
 48851 | Vaults:2 | Received a gift from Okawaru
 48997 | Vaults:2 | Found Lieneugi's Assorted Antiques.
 49401 | Vaults:2 | Found a staircase to the Crypt.
 49401 | Vaults:2 | Found an ancient bone altar of Kikubaaqudgha.
 49403 | Vaults:2 | Found a basalt altar of Yredelemnul.
 49904 | Vaults:3 | Received a gift from Okawaru
 50101 | Vaults:3 | Found Qaosan's Antique Weapon Emporium.
 50185 | Vaults:3 | Received a gift from Okawaru
 50188 | Vaults:3 | Reached skill level 18 in Bows
 50968 | Vaults:3 | Received a gift from Okawaru
 51018 | Vaults:3 | Noticed Mennas
 51048 | Vaults:3 | Killed Mennas
 51048 | Vaults:3 | Received a gift from Okawaru
 51154 | Vaults:3 | Received a gift from Okawaru
 51452 | Vaults:3 | Found a runed translucent gate.
 51452 | Vaults:3 | Found a runed translucent gate.
 51452 | Vaults:3 | Found a runed translucent gate.
 51452 | Vaults:3 | Noticed Waros's ghost (veteran GrEE)
 51453 | Vaults:3 | Noticed Rov Woulue's ghost (adept MfTm)
 52292 | Vaults:4 | Reached XP level 22. HP: 165/165 MP: 34/34
 52342 | Vaults:4 | Reached skill level 15 in Shields
 52686 | Vaults:4 | Reached skill level 19 in Bows
 53060 | Vaults:4 | Received a gift from Okawaru
 54002 | Elf:1    | Entered Level 1 of the Elven Halls
 54434 | Elf:1    | Reached skill level 20 in Bows
 54454 | Elf:1    | Found Gecar's Weapon Boutique.
 54552 | Elf:1    | Found Koher's Magic Scroll Shoppe.
 54561 | Elf:1    | Bought a scroll of fog for 28 gold pieces
 54561 | Elf:1    | Bought a scroll of summoning for 133 gold pieces
 54637 | Elf:1    | Found Hyrur's Book Emporium.
 54822 | Elf:1    | Found Osupnos's Book Emporium.
 54855 | Elf:1    | Found Ehuck's Antique Weapon Shoppe.
 54979 | Elf:2    | Found a runed translucent door.
 55011 | Elf:2    | Found a runed translucent door.
 55054 | Elf:2    | Found a runed translucent door.
 55055 | Elf:2    | Noticed whitenoisemaker's ghost (adept DrTm)
 55084 | Elf:2    | Received a gift from Okawaru
 55240 | Elf:2    | Reached XP level 23. HP: 171/171 MP: 35/35
 55261 | Elf:2    | Received a gift from Okawaru
 55694 | Elf:2    | Received a gift from Okawaru
 56255 | Elf:3    | Entered Level 3 of the Elven Halls
 56268 | Elf:3    | Received a gift from Okawaru
 56534 | Elf:3    | Reached skill level 15 in Armour
 57013 | Elf:3    | Found Epemp's Armour Shoppe.
 57017 | Elf:3    | Bought the +8 scale mail of Dithmenos's Approval {*Slow
                  | rElec rF+} for 1128 gold pieces
 57174 | Elf:3    | Received a gift from Okawaru
 57370 | Elf:3    | Identified the +7 mace "Reasynept" {holy, Fragile Str-3
                  | Int+9 SInv}
 57388 | Elf:3    | Received a gift from Okawaru
 57861 | Elf:3    | Reached skill level 15 in Fighting
 57981 | Elf:3    | Reached XP level 24. HP: 165/188 MP: 35/35
 58115 | Elf:3    | Identified the Guide on Blistering Dislocation
 58127 | Elf:3    | Identified Sif Muna's Guide on Combat Magic and Clay
 58144 | Elf:3    | Received a gift from Okawaru
 58147 | Elf:3    | Found the +8 trident of the Octopus King {venom, rElec
                  | rPois MR+}
 58453 | Depths:1 | Entered Level 1 of the Depths
 58513 | Depths:1 | Received a gift from Okawaru
 58750 | Depths:1 | Found a gateway to Hell.
 59091 | Depths:1 | Noticed a juggernaut
 59107 | Depths:1 | Killed a juggernaut
 59237 | Depths:1 | Reached skill level 21 in Bows
 59447 | Depths:1 | Identified the Catalogue of the Creative Frostbite
 59476 | Depths:1 | Learned a level 1 spell: Apportation
 59640 | Elf:1    | Bought Lytudgh's Guide on Cloudy Bewitchment for 438 gold
                  | pieces
 59644 | Elf:1    | Learned a level 3 spell: Portal Projectile
 59795 | Depths:1 | Found a corrupted altar of Lugonu.
 59796 | Depths:1 | Found a one-way gate to the infinite horrors of the Abyss.
 59989 | Depths:1 | Reached skill level 1 in Hexes
 60119 | Depths:2 | Reached skill level 1 in Translocations
 60435 | Depths:2 | Found a one-way gate leading to the halls of Pandemonium.
 60793 | Depths:2 | Received a gift from Okawaru
 60808 | Depths:2 | Reached skill level 5 in Hexes
 61187 | Depths:2 | Reached XP level 25. HP: 169/194 MP: 35/35
 61274 | Depths:2 | Reached skill level 5 in Translocations
 61602 | Depths:2 | Found Coazot's Distillery.
 61607 | Depths:2 | Bought a potion of curing for 60 gold pieces
 61745 | Depths:3 | Identified the ring of Mereteve {MR++ rCorr} (You found it
                  | on level 3 of the Depths)
 61857 | Depths:3 | Found the +3 pair of gauntlets of War {Slay+5}
 62043 | Depths:3 | Got a translucent copper ring
 62044 | Depths:3 | Identified the ring "Junnuh" {rF+ Dex+6} (You found it on
                  | level 3 of the Depths)
 62105 | Depths:3 | Received a gift from Okawaru
 62262 | Depths:3 | Found a glowing silver altar of Zin.
 62279 | Depths:3 | Noticed a juggernaut
 62298 | Depths:3 | Killed a juggernaut
 62356 | Depths:3 | Noticed Mara
 62380 | Depths:3 | Killed Mara
 62534 | Depths:3 | Found a stormy altar of Qazlal.
 62571 | Depths:3 | Noticed a juggernaut
 62580 | Depths:3 | Killed a juggernaut
 62586 | Depths:3 | Received a gift from Okawaru
 62718 | Depths:3 | Noticed Bai Suzhen
 62726 | Depths:3 | Killed Bai Suzhen
 62751 | Depths:3 | Identified the ring "Yzyg Cau" {Fire rElec rN+ Int+8
                  | Stlth-}
 62761 | Depths:3 | Received a gift from Okawaru
 62791 | Depths:3 | Reached skill level 22 in Bows
 62858 | Depths:3 | Noticed Margery
 62866 | Depths:3 | Killed Margery
 63164 | Depths:3 | Found a blossoming altar of Fedhas.
 63281 | Depths:3 | Received a gift from Okawaru
 63616 | D:14     | You paid a toll of +2 fire dragon scales to enter a
                  | treasure trove
 63617 | Trove    | Entered a treasure trove
 63702 | D:14     | Reached XP level 26. HP: 201/201 MP: 35/35
 63891 | Depths:4 | Reached XP level 27. HP: 202/207 MP: 35/35
 63973 | Depths:4 | Found a gateway to a ziggurat.
 64040 | Depths:4 | Received a gift from Okawaru
 64268 | Depths:4 | Reached skill level 23 in Bows
 65634 | Depths:5 | Entered Level 5 of the Depths
 65795 | Depths:5 | Found Beh Ippior's Jewellery Shop.
 65815 | Depths:5 | Found Tudan Ete's Gadget Shoppe.
 65816 | Depths:5 | Found Onusuin's Jewellery Shop.
 66149 | Depths:5 | Reached skill level 24 in Bows
 66452 | Depths:5 | Received a gift from Okawaru
 66680 | Depths:5 | Received a gift from Okawaru
 66813 | Depths:5 | Found a gate to the Realm of Zot.
 67657 | Spider:4 | Identified a scroll of acquirement
 67889 | Slime:1  | Entered Level 1 of the Pits of Slime
 68571 | Slime:4  | Noticed Dissolution
 68582 | Slime:3  | Killed Dissolution
 68598 | Slime:4  | Received a gift from Okawaru
 68620 | Slime:4  | Identified the +2 lajatang "Seygiu" {god gift, flame, rF+
                  | Stlth+} (Okawaru gifted it to you on level 4 of the Pits of
                  | Slime)
 68705 | Slime:5  | Entered Level 5 of the Pits of Slime
 68829 | Slime:5  | Found a viscous altar of Jiyva.
 68830 | Slime:5  | Noticed the Royal Jelly
 68862 | Slime:5  | Killed the Royal Jelly
 69066 | Slime:5  | Identified the Almanac of Flight and Fire
 69071 | Slime:5  | Got a twisted plate armour
 69072 | Slime:5  | Identified the +6 plate armour "Cich" {rElec rF+} (You
                  | found it on level 5 of the Pits of Slime)
 69099 | Slime:5  | Got a pair of smoking boots
 69100 | Slime:5  | Identified the +0 pair of boots of Vampiric Thralls {-Cast
                  | rPois Dex+7} (You found it on level 5 of the Pits of Slime)
 69124 | Slime:5  | Found the +8 storm bow {elec, penet}
 69138 | Slime:5  | Gained mutation: You are frail. (-10% HP) [a shining eye]
 69201 | Slime:5  | Gained mutation: You are very frail. (-20% HP) [a shining
                  | eye]
 69215 | Slime:5  | Received a gift from Okawaru
 69294 | Slime:5  | Identified the ring "Dehustoi" {*Slow rN++ Str+3 Dex+6}
                  | (You found it on level 5 of the Pits of Slime)
 69337 | Slime:5  | Got a slimy rune of Zot
 69907 | Lair:6   | Lost mutation: You are very frail. (-20% HP) [potion of
                  | mutation]
 69907 | Lair:6   | Lost mutation: You are frail. (-10% HP) [potion of
                  | mutation]
 69907 | Lair:6   | Gained mutation: Scrolls take you a little longer to read.
                  | [potion of mutation]
 69907 | Lair:6   | Gained mutation: Your flesh is cold resistant. (rC+)
                  | [potion of mutation]
 70083 | D:11     | Bought a potion of mutation for 120 gold pieces
 70083 | D:11     | Bought 2 potions of might for 120 gold pieces
 70349 | Vaults:1 | Bought 2 potions of might for 104 gold pieces
 70349 | Vaults:1 | Bought a potion of mutation for 104 gold pieces
 70349 | Vaults:1 | Bought a potion of mutation for 104 gold pieces
 70349 | Vaults:1 | Bought a potion of might for 52 gold pieces
 70535 | Vaults:3 | Killed Waros's ghost
 70580 | Vaults:3 | Killed Rov Woulue's ghost
 70594 | Vaults:3 | Got a sparkling diamond amulet
 70597 | Vaults:3 | Identified the amulet "Decw" {Regen+ Dex+4} (You found it
                  | on level 3 of the Vaults)
 70685 | Crypt:1  | Entered Level 1 of the Crypt
 70869 | Crypt:1  | Identified the ring "Jyprul" {*Contam +Fly rN+++ Str-3
                  | Dex+6} (You found it on level 1 of the Crypt)
 72708 | Crypt:3  | Entered Level 3 of the Crypt
 72787 | Crypt:3  | Noticed Saint Roka
 72950 | Crypt:3  | Found a staircase to the Tomb.
 73050 | Crypt:3  | Killed Saint Roka
 73050 | Crypt:3  | Received a gift from Okawaru
 73515 | Crypt:3  | Received a gift from Okawaru
 73574 | Crypt:3  | Identified the ring "Ydy Per" {rF+ Slay+4}
 74223 | Crypt:3  | Received a gift from Okawaru
 74527 | Crypt:3  | Got the ring "Emeisynilay" {rPois rN++ Str+9 Int+6 Dex-2}
 74570 | Crypt:3  | Found the +12 Vampire's Tooth {vamp}
 74631 | Crypt:3  | Identified the ring "Sautifay" {rN+ Str-4 Int+3 Dex+8} (You
                  | found it on level 3 of the Crypt)
 74633 | Crypt:3  | Identified the ring "Weaxiaceu" {rN+ Int+2 Dex+3} (You
                  | found it on level 3 of the Crypt)
 74635 | Crypt:3  | Identified the ring "Xejeawam" {rElec rC+++ rN+ MR- Stlth-}
                  | (You found it on level 3 of the Crypt)
 74635 | Crypt:3  | Identified Xaurr's Tome of Mutagenic Glamour
 74641 | Crypt:3  | Identified the ring of Mahoati {rElec rC- Str+9 Stlth-}
                  | (You found it on level 3 of the Crypt)
 74950 | D:13     | Killed Plog's ghost
 75191 | Elf:2    | Killed whitenoisemaker's ghost
 75469 | Zot:1    | Entered Level 1 of the Realm of Zot
 75517 | Zot:1    | Received a gift from Okawaru
 75878 | Zot:1    | Noticed an orb of fire
 75887 | Zot:1    | Killed an orb of fire
 76419 | Zot:1    | Got a clouded platinum ring
 76422 | Zot:1    | Identified the ring "Dovyozit" {rPois rN+ MR+ Str-3 Dex+4}
                  | (You found it on level 1 of the Realm of Zot)
 77088 | Zot:2    | Received a gift from Okawaru
 77485 | Zot:2    | Received a gift from Okawaru
 78513 | Zot:3    | Noticed a Killer Klown
 78514 | Zot:3    | Noticed a Killer Klown
 78538 | Zot:3    | Killed a Killer Klown
 78544 | Zot:3    | Reached skill level 25 in Bows
 78595 | Zot:3    | Killed a Killer Klown
 78680 | Zot:3    | Received a gift from Okawaru
 79551 | Zot:3    | Noticed a Killer Klown
 79563 | Zot:3    | Killed a Killer Klown
 79671 | Zot:4    | Noticed a Killer Klown
 79681 | Zot:4    | Killed a Killer Klown
 79704 | Zot:4    | Received a gift from Okawaru
 79855 | Zot:4    | Noticed an orb of fire
 79871 | Zot:4    | Killed an orb of fire
 79871 | Zot:4    | Received a gift from Okawaru
 80249 | Zot:4    | Received a gift from Okawaru
 80397 | Zot:4    | Identified the +4 dragonskin cloak
 80397 | Zot:4    | Noticed Tiamat
 80441 | Zot:4    | Killed Tiamat
 80633 | Zot:4    | Found the +0 staff of Battle
 80708 | Zot:4    | Got an encrusted plate armour
 81230 | Zot:4    | Identified the +9 plate armour "Xyirghime" {Harm rN+ Str+2
                  | Stlth+} (You found it on level 4 of the Realm of Zot)
 81417 | Zot:4    | Received a gift from Okawaru
 81939 | Zot:5    | Entered Level 5 of the Realm of Zot
 81966 | Zot:5    | Received a gift from Okawaru
 82444 | Zot:5    | Reached skill level 26 in Bows
 82651 | Zot:5    | Received a gift from Okawaru
 82709 | Zot:5    | Noticed an ancient lich
 82728 | Zot:5    | Killed an ancient lich
 82728 | Zot:5    | Received a gift from Okawaru
 82738 | Zot:5    | Noticed a Killer Klown
 82747 | Zot:5    | Killed a Killer Klown
 82824 | Zot:5    | Noticed a Killer Klown
 82831 | Zot:5    | Killed a Killer Klown
 82857 | Zot:5    | Noticed an ancient lich
 82869 | Zot:5    | Killed an ancient lich
 82869 | Zot:5    | Received a gift from Okawaru
 83002 | Zot:5    | Noticed a Killer Klown
 83011 | Zot:5    | Killed a Killer Klown
 83176 | Zot:5    | Reached skill level 27 in Bows
 83254 | Zot:5    | Noticed an ancient lich
 83260 | Zot:5    | Killed an ancient lich
 83274 | Zot:5    | Noticed a Killer Klown
 83335 | Zot:5    | Killed a Killer Klown
 83397 | Zot:5    | Noticed an orb of fire
 83404 | Zot:5    | Killed an orb of fire
 83412 | Zot:5    | Noticed a Killer Klown
 83422 | Zot:5    | Killed a Killer Klown
 83432 | Zot:5    | Noticed an orb of fire
 83444 | Zot:5    | Gained mutation: Your magical capacity is low. (-10% MP)
                  | [an orb of fire]
 83446 | Zot:5    | Noticed a Killer Klown
 83450 | Zot:5    | Killed an orb of fire
 83456 | Zot:5    | Received a gift from Okawaru
 83464 | Zot:5    | Killed a Killer Klown
 83470 | Zot:5    | Received a gift from Okawaru
 84086 | Zot:5    | Lost mutation: Scrolls take you a little longer to read.
                  | [potion of mutation]
 84086 | Zot:5    | Lost mutation: Your magical capacity is low. (-10% MP)
                  | [potion of mutation]
 84086 | Zot:5    | Lost mutation: Your flesh is cold resistant. (rC+) [potion
                  | of mutation]
 84086 | Zot:5    | Gained mutation: Your skin changes colour to match your
                  | surroundings (Stealth+). [potion of mutation]
 84086 | Zot:5    | Gained mutation: You are partially covered in thin metallic
                  | scales. (AC +2) [potion of mutation]
 84087 | Zot:5    | Got the Orb of Zot
 84419 | Depths:1 | Noticed Gount the pandemonium lord
 84441 | Depths:1 | Killed Gount the pandemonium lord
 84777 | D:$      | Escaped with the Orb!
